 Dungeon Crawl Stone Soup version 0.29.1-2-gbd0b4ee654 (webtiles) character file.

Game seed: 55848901423137699

53 safid the Shooter (level 3, 0/33 HPs)
             Began as a Minotaur Hunter on Nov 8, 2022.
             Slain by Terence
             ... wielding a +2 flail of holy wrath
              (3 damage)
             ... on level 1 of the Dungeon.
             The game lasted 00:01:52 (1231 turns).

safid the Shooter (Minotaur Hunter)                 Turns: 1231, Time: 00:01:53

Health: 0/33       AC:  4    Str: 15    XL:     3   Next: 62%
Magic:  2/2        EV: 12    Int:  6    God:
Gold:   39         SH:  0    Dex: 15    Spells: 2/2 levels left

rFire   . . .      SeeInvis .   a - +0 shortbow
rCold   . . .      Faith    .   (shield currently unavailable)
rNeg    . . .      Spirit   .   c - +0 leather armour
rPois   .          Reflect  .   f - +1 hat
rElec   .          Harm     .   (no cloak)
rCorr   .          Rampage  .   (no gloves)
Will    .....                   (no boots)
Stlth   +.........              (no amulet)
HPRegen 0.11/turn               (no ring)
MPRegen 0.08/turn               (no ring)

@: no status effects
A: horns 2, retaliatory headbutt
a: no special abilities


You were on level 1 of the Dungeon.
You visited 1 branch of the dungeon, and saw 2 of its levels.

You collected 39 gold pieces.

Inventory:

Hand Weapons
 a - a +0 shortbow (weapon)
Armour
 c - a +0 leather armour (worn)
 f - a +1 hat (worn)
Jewellery
 h - a ring of poison resistance
Scrolls
 b - 2 scrolls of immolation
 d - 4 scrolls of identify {unknown}
 e - a scroll of enchant weapon {unknown}
 i - a scroll of butterflies {unknown}
Potions
 g - a potion of mutation {unknown}


   Skills:
 + Level 3.8 Fighting
 + Level 5.2 Ranged Weapons
 - Level 2.1 Dodging
 - Level 0.7 Stealth


You had 2 spell levels left.
You didn't know any spells.
Your spell library was empty.

Dungeon Overview and Level Annotations

Branches:
Dungeon (2/15)

Altars:

Annotations:
D:1 Terence


Innate Abilities, Weirdness & Mutations

You have a pair of horns on your head.
You reflexively headbutt those who attack you in melee.


Message History

You are too injured to fight recklessly!
You are too injured to fight recklessly!
Unknown command.
You feel sick. The adder closely misses you. You furiously retaliate!
You headbutt the adder.
Terence hits you with a +2 flail of holy wrath.
The hobgoblin barely misses you.
You climb upwards.
You feel sick.
There is a stone staircase leading down here.
Unknown command.
You feel sick. The hobgoblin barely misses you. You furiously retaliate!
You headbutt the hobgoblin!
You kill the hobgoblin!
You feel sick.
Terence hits you with a +2 flail of holy wrath.
* * * LOW HITPOINT WARNING * * *
The adder bites you.
* * * LOW HITPOINT WARNING * * *
The adder attacks as you move away! The adder completely misses you.
You furiously retaliate!
You headbutt the adder!
You kill the adder!
You feel sick.
You are no longer poisoned.
There is an open door here.
You are too injured to fight recklessly!
You are too injured to fight recklessly!
Fire: a) +0 shortbow
Press: ? - help, Q - select action Shift-Dir - straight line, f - Terence
Aim: Terence, wielding a +2 flail of holy wrath and wearing a +0 scale mail (heavily wounded, 65% to hit)
You shoot an arrow. The arrow hits Terence.
Terence is severely wounded.
Terence barely misses you.
Fire: a) +0 shortbow
Press: ? - help, Q - select action Shift-Dir - straight line, f/p - Terence
Aim: Terence, wielding a +2 flail of holy wrath and wearing a +0 scale mail (severely wounded, 65% to hit)
You shoot an arrow. The arrow hits Terence.
Terence is almost dead.
Terence barely misses you.
Terence hits you with a +2 flail of holy wrath.
You die...

....# #..............#### ....#
#.....#......### ....#
#.....#......#
....##########.....##############
#................>...............
##.............[†..##############
.##..#######.#.....#
..##.......).###@###
...##.###....# #@#
#...#...#.##.###+### ######
##.8†.....##.#.....# #.....
.##.#........#.....# #.####
..###..#.#####.....# #.#
...##..#.#...+.....# #.#
##..#..#.#.###.....##### #.#
.#.......#†#.'.....'...#####.#
....#..###.#.#.....#.........#


You could see Terence.

Vanquished Creatures
  An adder (D:1)
  3 dart slugs (D:1)
  5 ball pythons (D:1)
  2 endoplasms (D:1)
  3 giant cockroaches (D:1)
  4 hobgoblins (D:1)
  2 jackals (D:1)
  4 kobolds (D:1)
  A bat (D:1)
  2 frilled lizards (D:1)
  4 goblins (D:1)
  6 rats
37 creatures vanquished.

Notes
Turn   | Place    | Note
-------+----------+-------------------------------------------
     0 | D:1      | safid the Minotaur Hunter began the quest for the Orb.
     0 | D:1      | Reached XP level 1. HP: 18/18 MP: 0/0
    78 | D:1      | Reached XP level 2. HP: 15/25 MP: 1/1
   435 | D:1      | Reached skill level 5 in Ranged Weapons
   435 | D:1      | Reached XP level 3. HP: 31/31 MP: 2/2
   490 | D:1      | Found a faded altar of an unknown god.
  1218 | D:2      | Noticed Terence
  1231 | D:1      | Slain by Terence

Illustrated notes

Levels and vault maps discovered:
D:1:      nicolae_arrival_washed_ashore, layout_basic,
          hellmonk_ecumenical_altar_blasted, grunt_decor_arrowhead,
          minmay_3d_cube
D:2:      layout_loops_ring, basic_altar, minmay_goblin_kobold_house,
          uniq_terence

Skill      XL: |  1  2 |
---------------+-------+-----
Fighting       | 3 |  3.8
Ranged Weapons | 5 |  5.2
Dodging        | |  2.1
Stealth        | |  0.7

Action                   || total
-------------------------++-------
 Fire: Shortbow          ||    93
Armor: Leather armour    ||     9
Dodge: Dodged            ||    30
